 Dungeon Crawl Stone Soup version 0.32-a0-656-g3542139ebd (webtiles) character file.

Game seed: 7641548478064961559

4203 Alarak the Protected (level 10, -21/75 HPs)
             Began as a Djinni Hedge Wizard on Mar 8, 2024.
             Killed by the air
             ... invoked by Gastronok
              (40 damage)
             ... on level 8 of the Dungeon.
             The game lasted 00:25:25 (8082 turns).

Alarak the Protected (Djinni Hedge Wizard)          Turns: 8082, Time: 00:25:26

Health: -21/75     AC: 10    Str:  9    XL:     10   Next: 54%
Gold:   380        EV: 15    Int: 27    God:
                   SH:  0    Dex: 12

rFire   + + +        l - staff of death
rCold   x . .        (no shield)
rNeg    + . .        q - +0 steam dragon scales
rPois   ∞            a - +0 helmet
rElec   .            n - +0 cloak
rCorr   .            (no gloves)
SInv    .            (boots unavailable)
Will    +....        (no amulet)
Stlth   ++           p - +6 ring of intelligence
HPRegen 0.32/turn    t - ring of protection from fire
MPRegen 0.00/turn

%: infuse magic (-22 HP)
@: flying, studying Armour
A: sickness immunity, fire resistance 2, cold vulnerability 1, float, innate
caster, HP casting, extra vitality 1
a: no special abilities


You were on level 8 of the Dungeon.
You visited 2 branches of the dungeon, and saw 10 of its levels.
You also visited: Sewer.

You collected 380 gold pieces.

Inventory:

Missiles
 i - 8 poisoned darts
Armour
 a - a +0 helmet (worn)
 m - a +1 robe
 n - a +0 cloak (worn)
 q - +0 steam dragon scales (worn)
Magical Staves
 l - a staff of death (weapon)
Jewellery
 p - a +6 ring of intelligence (left hand)
 t - a ring of protection from fire (right hand)
Wands
 h - a wand of iceblast (14)
 j - a wand of flame (40)
 k - a wand of paralysis (7)
 o - a wand of polymorph (4)
Scrolls
 b - a scroll of identify
 e - 4 scrolls of fear
 u - a scroll of fog {unknown}
Potions
 c - a potion of magic
 f - 3 potions of brilliance
 g - 4 potions of enlightenment
 r - 2 potions of berserk rage
 s - 4 potions of curing {unknown}
 v - a potion of lignification {unknown}


   Skills:
 - Level 7.3 Fighting
 + Level 9.5 Armour
 - Level 8.0 Dodging
 - Level 1.5 Stealth
 - Level 7.0 Spellcasting
 - Level 7.0 Conjurations
 - Level 7.0 Hexes
 - Level 7.0 Summonings
 - Level 7.0 Necromancy
 - Level 7.0 Translocations
 - Level 7.0 Fire Magic
 - Level 7.0 Ice Magic
 - Level 7.0 Air Magic
 - Level 7.0 Earth Magic
 - Level 7.0 Alchemy


You knew the following spells:

 Your Spells              Type           Power      Damage    Failure   Level
a - Magic Dart            Conj           100%       1d8       1%          1
b - Slow                  Hex            100%       N/A       1%          1
c - Blink                 Tloc           94%        N/A       1%          2
d - Call Imp              Summ           94%        N/A       1%          2
e - Mephitic Cloud        Conj/Alch/Air  47%        N/A       1%          3
f - Foxfire               Conj/Fire      100%       2x1d9     1%          1
g - Scorch                Fire           94%        2d8       1%          2
h - Ensorcelled Hibernat  Hex/Ice        94%        N/A       1%          2
i - Flame Wave            Conj/Fire      47%        2d12      3%          4
Your spell library was empty.

Dungeon Overview and Level Annotations

Branches:
Dungeon (9/15)             Temple (1/1) D:5           Sewer (visited)
   Lair: D:8-11         Orc: D:9-12

Altars:
Ashenzari
Fedhas
Gozag
Nemelex Xobeh
Okawaru
Qazlal
Ru
Uskayaw
Wu Jian
Xom
Yredelemnul
Zin
The Shining One

Shops:
D:6 *

Annotations:
D:8 Gastronok


Innate Abilities, Weirdness & Mutations

You are immune to sickness and miasma.
You are immune to poison.
Your flesh is very heat resistant. (rF++)
You are vulnerable to cold. (rC-)
You float through the air rather than walking.
You learn spells naturally, not from books.
Your magical power is your life essence.
You have superior vitality. (+4 MHP)


Message History

Confirm with . or Enter, or press ? or * to list all spells.
Flames lash Gastronok.
Gastronok is burned terribly!
Gastronok is moderately wounded.
Your cerulean imp hits Gastronok with a +0 spear.
Your cerulean imp hits Gastronok with a +0 spear.
The black bear is engulfed in noxious fumes.
The black bear appears confused.
Your cerulean imp hits Gastronok but does no damage.
Casting: Scorch (safe; 1% risk of failure)
Confirm with . or Enter, or press ? or * to list all spells.
Flames lash Gastronok.
Gastronok is burned terribly!
Gastronok is heavily wounded.
Your cerulean imp hits Gastronok from afar with a +0 spear.
Your cerulean imp barely misses Gastronok.
Your cerulean imp hits Gastronok with a +0 spear.
Casting: Scorch (safe; 1% risk of failure)
Confirm with . or Enter, or press ? or * to list all spells.
Flames lash Gastronok.
Gastronok is burned terribly!
Gastronok is severely wounded.
Gastronok gurgles, "A snack!
A snack!"
Gastronok waves his eye-stalks in wide circles.
The air twists around and strikes you!!
Your cerulean imp hits Gastronok but does no damage.
Casting: Scorch (safe; 1% risk of failure)
Confirm with . or Enter, or press ? or * to list all spells.
Flames lash Gastronok.
Gastronok is burned terribly!
Gastronok is severely wounded.
* * * LOW HITPOINT WARNING * * *
Your cerulean imp hits Gastronok with a +0 spear.
Casting: Scorch (safe; 1% risk of failure)
Confirm with . or Enter, or press ? or * to list all spells.
Flames lash Gastronok.
Gastronok is burned terribly!
Gastronok is severely wounded.
* * * LOW HITPOINT WARNING * * *
The black bear seems less confused.
Gastronok waves his eye-stalks in wide circles.
The air twists around and strikes you!!!
Ouch! That really hurt!
You die...
Gastronok gurgles, "Let's see if you taste as good as that wizard did."

# #[#.######..
#####.#[.........
......#$..##...##
......[.)........
##########>.....#####
.............P......#
........Pw5.Ph..#.#.#
.####P..............#
#).@P.....P..#..#
...<............P...#
.##......####.P.P...###
.........+ #P..P...†.##
.........# #...P.#.#..#
..##.....# #.PP..#.##.#
# #...... .P.P...#.....
##P.PP....PP.P#####.#
...P..P. ####..


You could see Gastronok (swift, combustible, ally target), a black bear and a
friendly cerulean imp (summoned).

Vanquished Creatures
  Pikel (D:6)
  A komodo dragon (D:8)
  A steam dragon (D:6)
  Duvessa (D:5)
  A water moccasin (D:5)
  A sky beast (D:7)
  2 orc warriors (D:7)
  3 black bears
  2 ogres
  2 lemures (D:6)
  A phantom (D:5)
  Blork the orc (D:5)
  6 bullfrogs
  8 scorpions
  3 wights (D:8)
  Dowan (D:5)
  4 bombardier beetles
  3 hounds
  2 orc priests
  A jelly (D:4)
  Crazy Yiuf (D:3)
  A gnoll bouda (D:6)
  2 sleepcaps
  Ijyb (D:5)
  4 iguanas
  11 orc wizards
  11 adders
  5 shadow imps
  A white imp (D:7)
  7 ufetubi
  5 ribbon worms
  7 dart slugs
  25 orcs
  12 ball pythons
  2 bats
  11 endoplasms
  14 giant cockroaches
  8 goblins
  4 hobgoblins
  11 jackals
  5 kobolds
  5 quokkas (D:4)
  16 frilled lizards
  5 rats
  A foxfire (D:8)
220 creatures vanquished.

Vanquished Creatures (collateral kills)
  A wight (D:8)
  Terence (D:3)
  A ribbon worm (D:2)
  3 orcs
  2 endoplasms (Sewer)
  A jackal (D:1)
  A quokka (D:4)
  5 foxfires (D:8)
15 creatures vanquished.

Vanquished Creatures (others)
  928 foxfires
928 creatures vanquished.

Grand Total: 1163 creatures vanquished

Notes
Turn   | Place    | Note
-------+----------+-------------------------------------------
     0 | D:1      | Alarak the Djinni Hedge Wizard began the quest for the Orb.
     0 | D:1      | Alarak set off with the following spells memorised: Magic
                  | Dart, Slow, Blink, Call Imp, Mephitic Cloud.
     0 | D:1      | Reached XP level 1. HP: 15/15 MP: 0/0
    52 | D:1      | Reached XP level 2. HP: 6/21 MP: 0/0
   319 | D:1      | Reached XP level 3. HP: 16/25 MP: 0/0
   319 | D:1      | Learned a level 1 spell: Foxfire
   747 | D:2      | Reached XP level 4. HP: 23/31 MP: 0/0
  1324 | D:3      | Found a sacrificial altar of Ru.
  1428 | D:3      | Noticed Terence
  1445 | D:3      | Killed Terence
  1505 | D:3      | Reached XP level 5. HP: 31/35 MP: 0/0
  1505 | D:3      | Learned a level 2 spell: Scorch
  1817 | D:3      | Found a runed translucent door.
  1818 | D:3      | Noticed Crazy Yiuf
  1869 | D:3      | Reached skill level 5 in Spellcasting
  1869 | D:3      | Reached skill level 5 in Conjurations
  1869 | D:3      | Reached skill level 5 in Hexes
  1869 | D:3      | Reached skill level 5 in Summonings
  1869 | D:3      | Reached skill level 5 in Necromancy
  1869 | D:3      | Reached skill level 5 in Translocations
  1869 | D:3      | Reached skill level 5 in Fire Magic
  1869 | D:3      | Reached skill level 5 in Ice Magic
  1869 | D:3      | Reached skill level 5 in Air Magic
  1869 | D:3      | Reached skill level 5 in Earth Magic
  1869 | D:3      | Reached skill level 5 in Alchemy
  2209 | D:3      | Found a hide-covered altar of Uskayaw.
  2377 | D:3      | Killed Crazy Yiuf
  2502 | D:4      | Reached XP level 6. HP: 34/40 MP: 0/0
  2509 | D:4      | Found a glowing drain.
  2528 | Sewer    | Entered a sewer
  3206 | Sewer    | Reached XP level 7. HP: 14/45 MP: 0/0
  3206 | Sewer    | Learned a level 2 spell: Ensorcelled Hibernation
  3427 | D:4      | You are sucked into a shaft and drop 2 floors!
  3436 | D:5      | Entered Level 5 of the Dungeon
  3816 | D:4      | Found a shimmering altar of Xom.
  4323 | D:5      | Noticed Duvessa
  4323 | D:5      | Noticed Dowan
  4412 | D:5      | Noticed Blork the orc
  4425 | D:5      | Killed Blork the orc
  4426 | D:5      | Reached XP level 8. HP: 35/50 MP: 0/0
  4480 | D:5      | Killed Duvessa
  4506 | D:5      | Killed Dowan
  4596 | D:5      | Noticed Ijyb
  4601 | D:5      | Killed Ijyb
  4602 | D:5      | Reached skill level 5 in Dodging
  4716 | D:5      | Found a staircase to the Ecumenical Temple.
  4748 | Temple   | Entered the Ecumenical Temple
  5152 | D:5      | Found a basalt altar of Yredelemnul.
  5364 | D:5      | Reached XP level 9. HP: 47/55 MP: 0/0
  5364 | D:5      | Learned a level 4 spell: Flame Wave
  5708 | D:6      | Reached skill level 1 in Fighting
  5745 | D:6      | Found Geurueleap's Assorted Antiques.
  5768 | D:6      | Noticed Pikel
  5783 | D:6      | Killed Pikel
  5900 | D:6      | Reached skill level 5 in Fighting
  6895 | D:7      | Reached XP level 10. HP: 45/75 MP: 0/0
  6903 | D:7      | Reached skill level 1 in Armour
  6907 | D:7      | Reached skill level 2 in Armour
  7084 | D:7      | Reached skill level 3 in Armour
  7229 | D:7      | Reached skill level 4 in Armour
  7378 | D:7      | Reached skill level 5 in Armour
  7572 | D:8      | Noticed a komodo dragon
  7574 | D:8      | Reached skill level 6 in Armour
  7592 | D:8      | Killed a komodo dragon
  7593 | D:8      | Reached skill level 7 in Armour
  7601 | D:8      | Reached skill level 8 in Armour
  7834 | D:8      | Reached skill level 9 in Armour
  7843 | D:8      | Noticed Gastronok
  8082 | D:8      | Killed from afar by Gastronok

Illustrated notes

Levels and vault maps discovered:
D:1:      grunt_arrival_lava_bath, layout_rooms
D:2:      layout_rooms, amcnicky_mini_rare_corridor_liquid,
          kennysheep_generic_room_14
D:3:      layout_loops_corners, nicolae_overflow_crystal_walls,
          eat_drink_and_be_merry_uskayaw, hangedman_ru_absence,
          uniq_crazy_yiuf_cottage, uniq_terence
D:4:      layout_loops_ring, xom_teletrap_fun, gup_sewer_entry_pipe
D:5:      layout_basic, mainiacjoe_overflow_alcove_4, minmay_temple_entry_mist,
          minmay_manual_mullet, uniq_blork_the_orc, uniq_ijyb, uniq_duvessa
D:6:      minmay_skewed_foursquare, layout_cave_pods, serial_shops, shop,
          fountainhead, nicolae_underground_beach, uniq_pikel
D:7:      layout_rooms, st_stairs_14
D:8:      layout_basic, kennysheep_mini, grunt_lair_entry_orc_guard_hut,
          corexii_corridor_pit, uniq_gastronok
D:9:      layout_loops_cross, mainiacjoe_overflow_concentric_impassable,
          ebering_ghost_reflecting_pool, serial_shops, nicolae_shop_peninsula
Temple:   minmay_freezing_vapour_temple

Skill      XL: |  1  2  3  4  5  6  7  8  9 10 |
---------------+-------------------------------+-----
Spellcasting   | 4 5 6 7 |  7.0
Conjurations   | 4 5 6 7 |  7.0
Hexes          | 4 5 6 7 |  7.0
Summonings     | 4 5 6 7 |  7.0
Necromancy     | 4 5 6 7 |  7.0
Translocations | 4 5 6 7 |  7.0
Fire Magic     | 4 5 6 7 |  7.0
Ice Magic      | 4 5 6 7 |  7.0
Air Magic      | 4 5 6 7 |  7.0
Earth Magic    | 4 5 6 7 |  7.0
Alchemy        | 4 5 6 7 |  7.0
Dodging        | 3 7 8 |  8.0
Fighting       | 7 |  7.3
Armour         | 9 |  9.5
Stealth        | |  1.5

Action                     |  1- 3 |  4- 6 |  7- 9 | 10-12 || total
---------------------------+-------+-------+-------+-------++-------
  Melee: Dagger            |     6 |     2 |       |       ||     8
         Whip              |       |     5 |       |       ||     5
         Staff             |       |       |     1 |     2 ||     3
   Cast: Magic Dart        |    40 |       |       |       ||    40
         Call Imp          |     2 |    31 |    18 |    10 ||    61
         Foxfire           |    43 |   177 |   243 |    86 ||   549
         Mephitic Cloud    |       |     7 |    19 |     9 ||    35
         Slow              |       |     1 |     2 |     1 ||     4
         Scorch            |       |     8 |    37 |    23 ||    68
         Flame Wave        |       |       |     2 |     1 ||     3
    Use: Scroll            |     3 |     1 |     7 |     1 ||    12
         Potion            |       |       |       |     1 ||     1
 Armour: Robe              |     9 |     7 |     9 |       ||    25
         Steam dragon scal |       |       |     1 |     9 ||    10
  Dodge: Dodged            |    11 |    11 |    16 |     6 ||    44

Table legend: (Time is in decaauts)
 A = Elapsed time spent in this place.
 B = Non-inter-level travel time spent in this place.
 C = Inter-level travel time spent in this place.
 D = Time resting spent in this place.
 E = Time spent auto-exploring this place.
 F = Levels seen in this place.
 G = Mean time per level.
                   A        B        C        D        E       F      G
               +--------+--------+--------+--------+--------+-----+--------+
         Total |   8061 |   7679 |    382 |    966 |   5423 |  11 |  732.8 |
       Dungeon |   7179 |   6837 |    342 |    821 |   4932 |   9 |  797.7 |
        Temple |     44 |      4 |     40 |      0 |      0 |   1 |   44.0 |
         Sewer |    837 |    837 |      0 |    145 |    491 |   1 |  837.0 |
               +--------+--------+--------+--------+--------+-----+--------+

Top non-repeatable levels by time:
     D:6: 1302 daAuts
     D:5: 1200 daAuts
     D:3: 1200 daAuts
     D:4: 953 daAuts
   Sewer: 837 daAuts
     D:7: 695 daAuts
     D:1: 694 daAuts
     D:2: 586 daAuts
     D:8: 356 daAuts
     D:9: 190 daAuts
  Temple: 44 daAuts
